 Dungeon Crawl Stone Soup version 0.31-a0-344-gd109795599 (webtiles) character file.

Game seed: 4278196470839855946

1512 garrulousMonolith the Mimic (level 8, -6/48 HPs)
             Began as an Octopode Shapeshifter on July 21, 2023.
             Was a Follower of Makhleb.
             Mangled by a kobold brigand
             ... wielding a +2 dagger of flaming
              (11 damage)
             ... on level 6 of the Dungeon.
             The game lasted 00:08:14 (6887 turns).

garrulousMonolith the Mimic (Octopode Shapeshifter) Turns: 6887, Time: 00:08:14

Health: -6/48      AC:  1    Str: 15    XL:     8   Next: 83%
Magic:  8/8        EV: 13    Int: 16    God:    Makhleb [*.....]
Gold:   411        SH:  0    Dex: 14    Spells: 7/7 levels left

rFire   + .          .
                       - Unarmed
rCold   . . .        (shield currently unavailable)
rNeg    . . .        (helmet restricted)
rPois   .            (no amulet)
rElec   .            g - ring of protection from fire
rCorr   .            t - +6 ring of intelligence
SInv    .            (no ring)
Will    .....        (no ring)
Stlth   +++          (no ring)
HPRegen 0.28/turn    (no ring)
MPRegen 0.11/turn    (no ring)
                     (no ring)

%: no passive effects
@: blade tentacles
A: reduced hp, almost no armour, amphibious, 8 rings, camouflage 1, gelatinous
body 1, (nimble swimmer 1), tentacles
a: Begin Untransformation, Renounce Religion


You were on level 6 of the Dungeon.
You worshipped Makhleb.
Makhleb was aware of your devotion.
You had blades for main tentacles.
You visited 2 branches of the dungeon, and saw 7 of its levels.

You collected 411 gold pieces.

Inventory:

Hand Weapons
 d - a +4 flail of holy wrath
 o - a +0 orcbow
 y - a +2 sling of draining
 z - the +3 whip of Conscience {elec, rF+ Dex+2}
   (You took it off a gnoll on level 5 of the Dungeon)

   Dex:       It affects your dexterity (+2).
   rF:        It protects you from fire.
Missiles
 c - 20 stones (quivered)
 h - a throwing net
Jewellery
 g - a ring of protection from fire (left blade tentacle)
 t - a +6 ring of intelligence (right blade tentacle)
Talismans
 b - a beast talisman
 l - a talisman of death
 m - a blade talisman
Wands
 w - a wand of mindburst (17)
Scrolls
 e - a scroll of silence {unknown}
 f - 3 scrolls of enchant armour
 i - a scroll of poison {unknown}
 j - a scroll of amnesia {unknown}
 k - a scroll of torment {unknown}
 n - 2 scrolls of blinking {unknown}
 p - 3 scrolls of teleportation
 r - a scroll of fear {unknown}
Potions
 a - a potion of lignification
 s - a potion of magic
 u - a potion of mutation {unknown}
 v - a potion of attraction {unknown}
 x - a potion of curing {unknown}


   Skills:
 - Level 2.3 Fighting
 - Level 2.8 Dodging
 - Level 2.5 Stealth
 - Level 4.2 Unarmed Combat
 * Level 8.6 Shapeshifting


You had 7 spell levels left.
You didn't know any spells.
Your spell library contained the following spells:

 Spells                   Type           Power      Damage    Failure   Level
 Necrotise                Necr           0%         1d4       69%         1
 Shock                    Conj/Air       0%         1d3       69%         1
 Cigotuvi's Dreadful Rot  Necr/Pois/Air  0%         N/A       78%         2
 Swiftness                Air            0%         N/A       91%         3
 Vampiric Draining        Necr           0%         2d6       91%         3
 Airstrike                Air            0%         2d(0-16)  99%         4
 Dispel Undead            Necr           0%         3d6       99%         4
 Agony                    Necr           0%         N/A       100%        5
 Death Channel            Necr           0%         N/A       100%        6


Dungeon Overview and Level Annotations

Branches:
Dungeon (6/15)             Temple (1/1) D:4

Altars:
Ashenzari
Cheibriados
Elyvilon
Fedhas
Hepliaklqana
Kikubaaqudgha
Makhleb
Nemelex Xobeh
Qazlal
Ru
Sif Muna
Trog
Uskayaw
Vehumet
Xom
Yredelemnul
Zin
The Shining One

Shops:
D:6 (


Innate Abilities, Weirdness & Mutations

You have blades for main tentacles.
Your maximum health is decreased, since you lack skill for your form.
Your spellcasting is less reliable in this form.
You are incapable of wielding weapons or throwing items.
You cannot wear most types of armour.
You are amphibious.
You can wear up to eight rings at the same time.
Your skin changes colour to match your surroundings (Stealth+).
Your rubbery body absorbs attacks. (AC +1, EV +1)
((You are camouflaged when in or above water. (Stealth+)))
You have tentacles for arms and can constrict up to eight enemies at once.


Message History

The sky beast is moderately wounded.
The sky beast hits you. The sky beast shocks you.
The kobold brigand closely misses you.
You are too injured to fight recklessly!
You are too injured to fight recklessly!
You are too injured to fight recklessly!
You are too injured to fight recklessly!
You are too injured to fight recklessly!
You are too injured to fight recklessly!
You are too injured to fight recklessly!
You are too injured to fight recklessly!
You are too injured to fight recklessly!
You are too injured to fight recklessly!
You are too injured to fight recklessly!
You are too injured to fight recklessly!
You are too injured to fight recklessly!
You barely miss the sky beast.
The sky beast is moderately wounded.
The sky beast hits you. The sky beast shocks you.
The kobold closely misses you.
The kobold brigand hits you with a +2 dagger of flaming!
The kobold brigand burns you.
Okay, then.
You hit the sky beast.
The sky beast is moderately wounded.
The sky beast barely misses you. The kobold misses you.
The kobold brigand completely misses you.
You slash the sky beast!
You squeeze the sky beast, but do no damage.
The sky beast is severely wounded.
The sky beast hits you. The sky beast shocks you.
* * * LOW HITPOINT WARNING * * *
The kobold hits you with a +0 whip.
* * * LOW HITPOINT WARNING * * *
The kobold brigand closely misses you.
You slash the sky beast!
You kill the sky beast!
Makhleb accepts your kill.
The kobold brigand hits you with a +2 dagger of flaming!
You die...

................#..#..###
#................###....
#..#.###.....###........
...### #.....# #........
##..####.....###........
....##..................
....###.........)..#....
...####...............##
....#..........#@K..###
###....)......##)K..# #
#..†......###.K..##
###...)....## .....#
'....).....# #....##
###........# ##..## #
#.........# #### #
#..........# .
..........##


You could see a kobold brigand and 2 kobolds.

Vanquished Creatures
  Sigmund (D:2)
  Edmund (D:4)
  2 black bears
  A sky beast (D:6)
  An ogre (D:4)
  A centaur (D:5)
  2 phantoms
  Blork the orc (D:4)
  A scorpion (D:5)
  A howler monkey (D:6)
  Crazy Yiuf (D:3)
  3 hounds (D:5)
  2 orc priests
  An iguana (D:6)
  Ijyb (D:5)
  A sleepcap (D:6)
  3 orc wizards
  A mummy (D:6)
  6 gnolls
  4 adders
  An ufetubus (D:6)
  2 worms
  3 dart slugs
  14 orcs
  7 endoplasms
  5 giant cockroaches
  11 goblins
  9 hobgoblins
  3 jackals (D:3)
  A quokka (D:1)
  3 training dummies (D:6)
  8 ball pythons
  7 bats
  3 frilled lizards
  12 kobolds
  6 rats
  A spectral goblin (D:3)
131 creatures vanquished.

Notes
Turn   | Place    | Note
-------+----------+-------------------------------------------
     0 | D:1      | garrulousMonolith the Octopode Shapeshifter began the quest
                  | for the Orb.
     0 | D:1      | Reached XP level 1. HP: 13/13 MP: 1/1
   138 | D:1      | Reached XP level 2. HP: 16/18 MP: 2/2
   394 | D:1      | Reached skill level 1 in Stealth
   433 | D:1      | Reached XP level 3. HP: 22/23 MP: 3/3
  1052 | D:2      | Noticed Sigmund
  1056 | D:2      | Killed Sigmund
  1057 | D:2      | Reached XP level 4. HP: 14/29 MP: 4/4
  1057 | D:2      | Reached XP level 5. HP: 16/34 MP: 5/5
  1199 | D:2      | Reached skill level 4 in Shapeshifting
  1298 | D:2      | Reached XP level 6. HP: 39/39 MP: 6/6
  2001 | D:3      | Found a shimmering altar of Xom.
  2159 | D:3      | Noticed a black bear
  2168 | D:3      | Killed a black bear
  2365 | D:3      | Found a runed translucent door.
  2366 | D:3      | Noticed Crazy Yiuf
  2553 | D:3      | Killed Crazy Yiuf
  2554 | D:3      | Reached skill level 5 in Shapeshifting
  2635 | D:4      | Reached XP level 7. HP: 18/45 MP: 7/7
  2906 | D:4      | Noticed Edmund
  2918 | D:4      | Killed Edmund
  3301 | D:3      | Found a faded altar of an unknown god.
  3630 | D:4      | Reached skill level 6 in Shapeshifting
  3918 | D:4      | Noticed Blork the orc
  3927 | D:4      | Killed Blork the orc
  4486 | D:4      | Found a staircase to the Ecumenical Temple.
  4498 | Temple   | Entered the Ecumenical Temple
  4571 | Temple   | Became a worshipper of Makhleb the Destroyer
  4816 | D:5      | Entered Level 5 of the Dungeon
  5224 | D:5      | Reached skill level 7 in Shapeshifting
  5224 | D:5      | Reached XP level 8. HP: 22/50 MP: 8/8
  5391 | D:5      | Found a radiant altar of Vehumet.
  5469 | D:5      | Noticed Ijyb
  5492 | D:5      | Killed Ijyb
  5797 | D:5      | Found a broken altar of Ashenzari.
  5910 | D:5      | Identified the +3 whip of Conscience {elec, rF+ Dex+2}
  6262 | D:6      | Reached skill level 8 in Shapeshifting
  6404 | D:6      | Found a glowing golden altar of the Shining One.
  6574 | D:6      | Found a snail-covered altar of Cheibriados.
  6683 | D:6      | Found Terak's Firing Range.
  6844 | D:6      | Found a hazy altar of Hepliaklqana.
  6881 | D:6      | Reached * piety under Makhleb
  6887 | D:6      | Mangled by a kobold brigand

Illustrated notes

Levels and vault maps discovered:
D:1:      dpeg_arrival_short_road, layout_basic
D:2:      cheibrodos_helix_gallery, layout_basic, st_stairs_7, uniq_sigmund
D:3:      layout_basic, xom_butterflies,
          dreamdust_ecumenical_altar_drowned_temple, uniq_crazy_yiuf_cottage
D:4:      layout_layer_cave, minmay_temple_entry_offerings, uniq_edmund,
          uniq_blork_the_orc
D:5:      layout_layer_cave, mainiacjoe_overflow_catwalk,
          mainiacjoe_overflow_boulevard, uniq_ijyb
D:6:      layout_cave_pools, lemuel_doored_altar, slow_altar_1,
          gammafunk_temple_overflow_claw, nzn_hepliaklqana_mist_gate,
          nicolae_shop_firing_range
Temple:   nicolae_temple_godzebo

Skill      XL: |  1  2  3  4  5  6  7  8 |
---------------+-------------------------+-----
Stealth        | 1 2 |  2.5
Fighting       | 2 |  2.3
Unarmed Combat | 4 |  4.2
Shapeshifting  | 4 5 7 8 |  8.6
Dodging        | |  2.8

Action                     |  1- 3 |  4- 6 |  7- 9 || total
---------------------------+-------+-------+-------++-------
  Melee: Unarmed           |    56 |    74 |   122 ||   252
         Constrict         |    12 |    17 |    32 ||    61
         Tentacles         |     8 |    10 |    37 ||    55
         Punch             |     2 |     2 |     7 ||    11
  Throw: Stone             |     8 |     2 |    16 ||    26
    Use: Scroll            |     2 |     3 |     1 ||     6
         Potion            |       |     1 |     2 ||     3
   Stab: Sleeping          |    11 |     8 |    10 ||    29
 Armour: Skin              |     3 |     3 |     4 ||    10
  Dodge: Dodged            |    25 |    39 |    74 ||   138
   Form: Blade             |       |       |     1 ||     1

Table legend: (Time is in decaauts)
 A = Elapsed time spent in this place.
 B = Non-inter-level travel time spent in this place.
 C = Inter-level travel time spent in this place.
 D = Time resting spent in this place.
 E = Time spent auto-exploring this place.
 F = Levels seen in this place.
 G = Mean time per level.
                   A        B        C        D        E       F      G
               +--------+--------+--------+--------+--------+-----+--------+
         Total |   6870 |   6599 |    271 |   1647 |   4066 |   7 |  981.4 |
       Dungeon |   6771 |   6524 |    247 |   1647 |   4066 |   6 | 1128.5 |
        Temple |     98 |     74 |     24 |      0 |      0 |   1 |   98.0 |
               +--------+--------+--------+--------+--------+-----+--------+

Top non-repeatable levels by time:
     D:4: 1701 daAuts
     D:5: 1318 daAuts
     D:3: 1043 daAuts
     D:2: 1020 daAuts
     D:1: 966 daAuts
     D:6: 721 daAuts
  Temple: 98 daAuts
